cohdb
Replays
Latest Replays
All Replays
Popular Replays
Top Player Replays
Match Explorer
How It Works
Community
CoH3 Stats
Reddit
Sign in to upload your games and track your stats! →
Sign in with Steam
Against Fallschirmpioneer spam
Match 19482402
Overview
Messages
Build Orders
End
Construct Barracks
Selects Armored Battlegroup
Selects Fast Deploy
Selects Veteran Crews
1⁄4-ton 4x4 Truck
1⁄4-ton 4x4 Truck
1⁄4-ton 4x4 Truck
Riflemen Squad
Riflemen Squad
Infantry Support Center
Construct Motor Pool
M8 Greyhound Armored Car
Selects M31 Recovery Vehicle
M8 Greyhound Armored Car
Selects War Machine
M1 Mortar Team
Engineer Squad
Construct Medical Station
M8 Greyhound Armored Car
M1 Mortar Team
Selects Seek and Destroy
Engineer Squad
Construct Tank Depot
M1 Mortar Team
M4(105) Sherman Bulldozer
M18 Hellcat Tank Destroyer
Potato PC
SuperKeitel
0
0
Comments
sign in to comment!
No comments posted yet!